 Dungeon Crawl Stone Soup version 0.19.1-1-g22dce08 (webtiles) character file.

1027 empire the Digger (level 8, -9/46 HPs)
             Began as an Octopode Earth Elementalist on Jan 13, 2017.
             Mangled by Paps's ghost (11 damage)
             ... on level 6 of the Dungeon.
             The game lasted 00:16:40 (6367 turns).

empire the Digger (Octopode Earth Elementalist)     Turns: 6367, Time: 00:16:40

Health: -9/46      AC:  1    Str: 12    XL:     8   Next: 23%
Magic:  9/15       EV: 13    Int: 19    God:
Gold:   308        SH:  3    Dex: 12    Spells: 5 memorised, 1 level left

rFire  . . .     SeeInvis .     b - 25 stones
rCold  . . .     Gourm    .     (no shield)
rNeg   + . .     Faith    .     (helmet restricted)
rPois  .         Spirit   .     u - +3 amulet of reflection
rElec  .         Reflect  +     e - ring of resist corrosion
rCorr  +         Harm     .     i - ring of positive energy
MR     +....                    q - +4 ring of strength
Stlth  +++.......               y - ring of protection from magic
                                (no ring)
                                (no ring)
                                (no ring)
                                (no ring)

@: lethally poisoned (-9 -> -17)
A: almost no armour, stealthy swim, amphibious, 8 rings, constrict 8, camouflage
1, gelatinous body 1
a: no special abilities


You were on level 6 of the Dungeon.
You were not hungry.

You visited 1 branch of the dungeon, and saw 7 of its levels.

You collected 308 gold pieces.

Inventory:

Hand Weapons
 a - a +2 short sword
 s - a cursed -1 dagger
 v - a cursed -2 mace
 A - a cursed -3 dagger
 B - the +9 spear "Killer Bee's Bane" {flame, rF++ Str+3 Dex+2, unknown}
   (You found it on level 5 of the Dungeon)

   It has been specially enchanted to burn those struck by it, causing extra
   injury to most foes and up to half again as much damage against particularly
   susceptible opponents.
   It affects your strength (+3).
   It affects your dexterity (+2).
   It greatly protects you from fire.
 C - a +0 rapier
Missiles
 b - 25 stones (in tentacle)
 f - 5 poisoned needles
 x - 21 bolts
Armour
 E - a cursed -2 chain mail
Jewellery
 e - a ring of resist corrosion (left tentacle)
 i - a ring of positive energy (right tentacle)
 o - an uncursed amulet of the gourmand
 q - a +4 ring of strength (on tentacle)
 u - a +3 amulet of reflection (around mantle)
 y - a ring of protection from magic (on tentacle)
Wands
 w - a wand of random effects (38/48)
 G - a wand of teleportation (5/9)
Scrolls
 l - a scroll of fog
 p - 4 scrolls of enchant armour
Potions
 g - a potion of haste {unknown}
 h - 2 potions of magic
 m - a potion of cancellation {unknown}
 r - a potion of mutation {unknown}
 t - a potion of might {unknown}
 z - a potion of lignification {unknown}
 D - a potion of invisibility {unknown}
Books
 d - a book of Geomancy

   Spells                             Type                      Level
   a - Sandblast                      Earth                        1
   b - Passwall                       Transmutation/Earth          2
   c - Stone Arrow                    Conjuration/Earth            3
   d - Petrify                        Transmutation/Earth          4
   e - Lee's Rapid Deconstruction     Earth                        5
Comestibles
 c - 2 bread rations
 j - 3 meat rations
 k - 2 slices of pizza
 F - 3 chunks of flesh


   Skills:
 - Level 2.0 Dodging
 - Level 2.6 Stealth
 + Level 4.6 Spellcasting
 + Level 3.7 Conjurations
 + Level 3.8 Transmutations
 + Level 5.7 Earth Magic
 + Level 3.1 Evocations


You had one spell level left.
You knew the following spells:

 Your Spells              Type           Power        Failure   Level  Hunger
a - Sandblast             Erth           ####..       1%          1    None
b - Passwall              Tmut/Erth      ###.......   3%          2    #......
c - Stone Arrow           Conj/Erth      ###...       8%          3    ###....
d - Petrify               Tmut/Erth      ###.....     21%         4    ####...
e - Lee's Rapid Deconstr  Erth           ####......   38%         5    ######.


Dungeon Overview and Level Annotations

Branches:
Dungeon (7/15)
 Temple: D:4-7

Altars:
Fedhas

Annotations:
D:6 Paps's ghost, novice TrBe


Innate Abilities, Weirdness & Mutations

You cannot wear most types of armour.
You are very stealthy in the water. (Stealth+)
You are amphibious.
You can wear up to eight rings at the same time.
You can use your tentacles to constrict eight enemies at once.
Your skin changes colour to match your surroundings (Stealth+).
Your rubbery body absorbs attacks. (AC +1, EV +1)


Message History

Press: ? - help, Shift-Dir - straight line, f - Paps's ghost
Aim: Paps's ghost The rocky blast hits Paps's ghost.
Paps's ghost is lightly damaged.
You feel sick. Paps's ghost hits you!
* * * LOW HITPOINT WARNING * * *
Casting: Sandblast
Confirm with . or Enter, or press ? or * to list all spells.
Okay, then.
Unknown command.
Casting: Sandblast
Confirm with . or Enter, or press ? or * to list all spells.
Aiming: Stone Arrow
Press: ? - help, Shift-Dir - straight line, f/p - Paps's ghost
Aim: Paps's ghost (lightly damaged)
The stone arrow hits Paps's ghost.
Paps's ghost is moderately damaged.
* * * LOW HITPOINT WARNING * * *
You feel sick. Paps's ghost hits you!
You die...

.........#
s........# ##.
...%....###..
#......#...
#........#
#.......##
#........#
#.......†##
#.......W@# #
#......##......#
#.#......###...#...
#.#.###### ##....
#.......# ###..
###.###.... . #.#
## #.# #.#


You could see Paps's ghost.

Vanquished Creatures
  Grinder (D:3)
  A phantom (D:4)
  A scorpion (D:5)
  A crimson imp (D:6)
  2 hounds
  A bullfrog skeleton (D:5)
  An orc priest (D:3)
  Jessica (D:3)
  6 orc wizards
  4 worker ants
  6 gnolls
  7 adders
  An ooze (D:1)
  An adder skeleton (D:4)
  3 worms
  3 dart slugs
  A leopard gecko (D:3)
  21 orcs
  A ball python (D:2)
  5 giant cockroaches
  13 goblins
  8 hobgoblins
  5 jackals
  6 kobolds
  2 quokkas
  8 bats
  8 frilled lizards
  A jackal skeleton (D:4)
  A leopard gecko skeleton (D:4)
  8 rats
128 creatures vanquished.

Notes
Turn   | Place    | Note
-------+----------+-------------------------------------------
     0 | D:1      | empire the Octopode Earth Elementalist began the quest for the Orb.
     0 | D:1      | Reached XP level 1. HP: 11/11 MP: 3/3
     1 | D:1      | Noticed a draconian
     3 | D:1      | Noticed a vampire
     6 | D:1      | Noticed a spriggan
    14 | D:1      | Noticed a troll
    16 | D:1      | Noticed a merfolk zombie
    16 | D:1      | Noticed a formicid
    23 | D:1      | Noticed a vine stalker
    71 | D:2      | Reached XP level 2. HP: 9/17 MP: 1/5
   228 | D:2      | Learned a level 2 spell: Passwall
   745 | D:1      | Reached XP level 3. HP: 21/21 MP: 6/6
  1290 | D:1      | Reached skill level 4 in Earth Magic
  1418 | D:2      | Learned a level 3 spell: Stone Arrow
  1465 | D:2      | Reached XP level 4. HP: 13/27 MP: 8/8
  2287 | D:3      | HP: 1/27 [something (4)]
  2306 | D:3      | Reached skill level 1 in Conjurations
  2534 | D:3      | Reached XP level 5. HP: 31/31 MP: 9/9
  2904 | D:3      | Noticed Jessica
  2918 | D:3      | Killed Jessica
  3485 | D:3      | Reached XP level 6. HP: 21/36 MP: 11/11
  4115 | D:3      | Noticed Grinder
  4125 | D:3      | Killed Grinder
  4125 | D:3      | Reached skill level 5 in Earth Magic
  4125 | D:3      | Reached skill level 1 in Evocations
  4125 | D:3      | Reached XP level 7. HP: 29/41 MP: 5/13
  4596 | D:4      | Learned a level 4 spell: Petrify
  5386 | D:5      | Entered Level 5 of the Dungeon
  5415 | D:5      | Found a blossoming altar of Fedhas.
  5742 | D:5      | Reached XP level 8. HP: 34/46 MP: 14/14
  5906 | D:5      | Learned a level 5 spell: Lee's Rapid Deconstruction
  5925 | D:5      | Got a bone spear
  6340 | D:6      | Noticed Paps's ghost (novice TrBe)
  6351 | D:7      | HP: 2/46 [jackal (1)]
  6367 | D:6      | HP: 2/46 [poisoned by a worker ant]
  6367 | D:6      | Mangled by Paps's ghost

Skill      XL: |  1  2  3  4  5  6  7  8 |
---------------+-------------------------+-----
Earth Magic    | 4 5 |  5.7
Spellcasting   | 3 4 |  4.6
Conjurations   | 1 2 3 |  3.7
Transmutations | 2 3 |  3.8
Evocations     | 1 2 3 |  3.1
Dodging        | |  2.0
Stealth        | |  2.6

Action                   |  1- 3 |  4- 6 |  7- 9 || total
-------------------------+-------+-------+-------++-------
Melee: Unarmed           |    22 |       |       ||    22
       Constrict         |    22 |    12 |     6 ||    40
       Tentacles         |    10 |     9 |     8 ||    27
       Short sword       |    61 |    65 |    26 ||   152
Throw: Stone             |       |     2 |       ||     2
 Cast: Sandblast         |     4 |    40 |    69 ||   113
       Stone Arrow       |       |       |     1 ||     1
  Use: Potion            |     1 |     2 |     2 ||     5
       Scroll            |       |     8 |     4 ||    12
 Stab: Sleeping          |     7 |     7 |     1 ||    15
       Distracted        |     1 |       |       ||     1
  Eat: Chunk             |    11 |    13 |       ||    24
Armor: Skin              |    27 |     1 |     1 ||    29
Dodge: Dodged            |    93 |    43 |    29 ||   165
Block: Other             |       |     1 |     2 ||     3
